AoeStats
← TKBXPT2214

Hill Fort

505102759Analyzed
4v4 RM · 26d ago on Sep 7, 2026· 16m 32s· 8 players
Game mode
Random Map
Map size
Large (8 player)
Population
200
Speed
Normal
Resources
Standard
Victory
Conquest
Starting age
Dark Age
Ending age
Imperial Age
RankedLock teamsTeams togetherTeam positionsShared explorationLock speedFull tech treeHidden civsTurbo modeCheats
Victory
Defeat
🇦🇷 Franks · Argentina
1062
+13
🇨🇱 Mongols · Chile
1021
+15
🇨🇱 Koreans · Chile
994
+16
🇺🇸 Portuguese · United States
963
+16
🇪🇸 Slavs · Spain
1006
-16
🇺🇸 Franks · United States
1000
-45
🇬🇧 Japanese · United Kingdom
980
-15
🇨🇴 Goths · Colombia
973
-14
Yogurtu Mghe
(。> Maryna <。)
Alex
17:57 Feudal Age
sam.pidgeon
Welches So Wavy
13:31 Loom
15:56 Feudal Age
16:31 Man-at-Arms
LCsLA Skoll
10:38 Feudal Age
17:48 Castle Age
16:22 Gold Mining
LavMani
10:10 Feudal Age
9:17 Loom
10:49 Stone Mining
12:21 Double-Bit Axe
TKBXPT2214
Connection lost

Rejoining the realm…

Still unreachable

The connection could not be restored.

Session expired

The server has moved on; the page needs a fresh start.